 Dungeon Crawl Stone Soup version 0.31-a0-236-g9a0961fb85 (webtiles) character file.

Game seed: 3727380687774077514

105 qw the Shooter (level 4, -7/26 HPs)
             Began as a Gargoyle Hexslinger on July 10, 2023.
             Mangled by a gnoll
             ... wielding a +0 halberd
              (8 damage)
             ... on level 3 of the Dungeon.
             The game lasted 00:01:02 (2132 turns).

qw the Shooter (Gargoyle Hexslinger)                Turns: 2132, Time: 00:01:02

Health: -7/26      AC: 10    Str: 11    XL:     4   Next: 81%
Magic:  5/5        EV: 10    Int: 14    God:
Gold:   162        SH:  0    Dex: 14    Spells: 4/5 levels left

rFire   . . .        Y - +1 shortbow
rCold   . . .        (shield currently unavailable)
rNeg    + . .        e - +0 ring mail
rPois   inf          n - +0 helmet
rElec   +            (no cloak)
rCorr   .            (no gloves)
SInv    .            (no boots)
Will    .....        (no amulet)
Stlth   +            (no ring)
HPRegen 0.24/turn    (no ring)
MPRegen 0.09/turn

%: no passive effects
@: about to teleport
A: sickness immunity, AC +3, negative energy resistance 1, electricity
resistance, torment resistance 1, petrification resistance
a: no special abilities


You were on level 3 of the Dungeon.
You visited 1 branch of the dungeon, and saw 3 of its levels.

You collected 162 gold pieces.


Innate Abilities, Weirdness & Mutations

You are immune to sickness and miasma.
Your stone body is resilient. (AC +3)
You are immune to poison.
You resist negative energy. (rN+)
You are resistant to electric shocks. (rElec)
You are resistant to unholy torment.
You are immune to petrification.


   Skills:
 - Level 2.0 Fighting
 + Level 4.1 Ranged Weapons
 - Level 1.7 Armour
 - Level 1.5 Dodging
 - Level 1.0 Spellcasting
 - Level 2.6 Hexes


You had 4 spell levels left.
You knew the following spells:

 Your Spells              Type           Power      Damage    Failure   Level
a - Slow                  Hex            32%        N/A       21%         1

Your spell library contained the following spells:

 Spells                   Type           Power      Damage    Failure   Level
 Inner Flame              Hex/Fire       4%         N/A       71%         3
 Portal Projectile        Hex/Tloc       8%         N/A       71%         3
 Cause Fear               Hex            4%         N/A       90%         4

Inventory:

Hand Weapons
 Y - a +1 shortbow (weapon)
Armour
 e - a +0 ring mail (worn)
 n - a +0 helmet (worn)
Scrolls
 a - a scroll of fear {unknown}
 c - 2 scrolls of teleportation
 f - 4 scrolls of identify
Potions
 b - a potion of degeneration {unknown}
 d - a potion of cancellation
 i - a potion of enlightenment {unknown}
 j - 2 potions of berserk rage {unknown}
 k - a potion of brilliance {unknown}
 l - a potion of heal wounds {unknown}

Dungeon Overview and Level Annotations

Branches:
Dungeon (3/15)

Altars:
Xom
Lugonu

Annotations:
D:3 2 runed translucent doors


Message History

The hound is lightly wounded.
The hound barely misses you. x2
You shoot an arrow. The arrow hits the hound.
The hound is heavily wounded.
The gnoll closely misses you. The hound misses you.
The gnoll hits you from afar with a +0 halberd.
The hound bites you but does no damage.
You shoot an arrow. The arrow hits the hound.
The hound is heavily wounded.
The hound bites you but does no damage. The gnoll hits you but does no damage.
The hound completely misses you.
You shoot an arrow. The arrow hits the hound.
The hound is severely wounded.
The hound bites you but does no damage.
The gnoll hits you from afar with a +0 halberd.
The hound bites you.
You shoot an arrow. The arrow closely misses the hound.
The arrow barely misses the hound.
The hound closely misses you. The gnoll barely misses you.
The hound misses you. The gnoll barely misses you.
You shoot an arrow. The arrow barely misses the hound. x2
The hound bites you but does no damage.
The gnoll hits you from afar with a +0 halberd.
The hound barely misses you.
You shoot an arrow. The arrow closely misses the hound.
The arrow barely misses the hound.
The hound bites you but does no damage. The gnoll barely misses you.
The hound bites you but does no damage.
You shoot an arrow. The arrow barely misses the hound. x2
The hound bites you.
The gnoll hits you from afar with a +0 halberd!
Ouch! That really hurt!
The hound barely misses you.
The gnoll hits you from afar with a +0 halberd.
2132 ||| READING 3 scrolls of teleportation.
As you read the scroll of teleportation, it crumbles to dust.
You feel strangely unstable. The hound bites you but does no damage.
The gnoll hits you from afar with a +0 halberd!
You die...

#.....####..#####.##.##..........
#.....####..#### .##.#...........
......(%.......##.##............#
.......###..#.#.....##..........#
........>.........#.........###.#
.#..#..####.####.##..####...##...
.#.##..# #.####.##..####...##...
.#.##..# #.#...........##.###...
.......# #.#..P@P...#..##.# #...
##.##### ....###h###.##..#.# ####
#.# ...


'hg #.#...).# #.# .. ##...##.#....# .# #.# . +...##.#...##.... #.#
######.##..+.....# ##.# #.......+..._.# #..# ###.#######..!ยค #.###############
#.# ..# You could see 2 hounds and a gnoll.

Vanquished Creatures
  A sleepcap (D:3)
  A worm (D:2)
  A dart slug (D:2)
  2 orcs (D:3)
  6 ball pythons
  7 endoplasms
  7 giant cockroaches
  6 goblins
  8 hobgoblins
  5 quokkas
  4 bats
  2 frilled lizards
  6 kobolds
  8 rats
64 creatures vanquished.

Notes
Turn   | Place    | Note
-------+----------+-------------------------------------------
     0 | D:1      | qw the Gargoyle Hexslinger began the quest for the Orb.
     0 | D:1      | Reached XP level 1. HP: 12/12 MP: 2/2
     0 | D:1      | 0 ||| qw: Version: 0.3-a-52-g30416fa
     0 | D:1      | 0 ||| qw: Game counter: 4826
     0 | D:1      | 0 ||| qw: Melee chars always use a shield: true
     0 | D:1      | 0 ||| qw: God list: Okawaru
     0 | D:1      | 0 ||| qw: Allow faded altars: false
     0 | D:1      | 0 ||| qw: Do Orc after clearing Dungeon:15 true
     0 | D:1      | 0 ||| qw: Do second Lair branch before Depths: true
     0 | D:1      | 0 ||| qw: Lair rune preference: random
     0 | D:1      | 0 ||| qw: Goals: Normal
     0 | D:1      | 0 ||| PLANNING D:1-11
   126 | D:1      | Reached XP level 2. HP: 16/16 MP: 3/3
   177 | D:1      | Reached skill level 3 in Ranged Weapons
   351 | D:1      | Reached XP level 3. HP: 21/21 MP: 4/4
   766 | D:1      | 766 ||| UPGRADING to +0 ring mail.
   776 | D:1      | 776 ||| DROPPING +0 robe.
   777 | D:1      | 777 ||| READING scroll labelled FINKER CEJE.
   778 | D:1      | 778 ||| READING scroll labelled IZADWIKLAN.
   779 | D:1      | 779 ||| READING scroll labelled MIHYIS JAIZXA.
   795 | D:1      | 795 ||| DROPPING scroll of poison.
  1084 | D:2      | 1084 ||| SWAPPING to +0 shortbow.
  1085 | D:2      | 1085 ||| DROPPING +1 sling.
  1292 | D:2      | Reached XP level 4. HP: 16/26 MP: 5/5
  1630 | D:2      | 1630 ||| UPGRADING to +0 helmet.
  1635 | D:2      | 1635 ||| DROPPING ring of flight.
  1636 | D:2      | 1636 ||| READING scroll labelled ROHIJE IMIA.
  1637 | D:2      | 1637 ||| READING 2 scrolls labelled OBRIYD GUWKIEV.
  1640 | D:2      | 1640 ||| READING scroll labelled LUWNO SEOJOG.
  1641 | D:2      | 1641 ||| READING 3 scrolls of identify.
  1641 | D:2      | 1641 ||| IDENTIFYING fizzy ruby potion
  1642 | D:2      | 1642 ||| READING 2 scrolls of identify.
  1642 | D:2      | 1642 ||| IDENTIFYING fuming emerald potion
  1643 | D:2      | 1643 ||| DROPPING potion of lignification.
  1657 | D:3      | 1657 ||| PLANNING SEWER
  1774 | D:3      | Reached skill level 1 in Armour
  1816 | D:3      | Reached skill level 4 in Ranged Weapons
  1892 | D:3      | Found a large runed translucent door.
  1892 | D:3      | Found a large runed translucent door.
  1893 | D:3      | Found a corrupted altar of Lugonu.
  1939 | D:3      | Found a shimmering altar of Xom.
  2131 | D:3      | HP: 5/26 [gnoll/+0 halberd (13)]
  2131 | D:3      | HP: 1/26 [gnoll/+0 halberd (4)]
  2132 | D:3      | 2132 ||| READING 3 scrolls of teleportation.
  2132 | D:3      | Mangled by a gnoll

Levels and vault maps discovered:
D:1:      dpeg_arrival_round_c, layout_basic, minmay_pentomino_q2
D:2:      kennysheep_big_flooded_room, layout_basic, minmay_split_cup_large
D:3:      due_chaos_kobolds, layout_loops_cross, overflow_temple_1_default,
          gup_sewer_entry_bowl, cheibrodos_gnoll_hut

Skill      XL: |  1  2  3  4 |
---------------+-------------+-----
Ranged Weapons | 3 4 |  4.1
Fighting       | 2 |  2.0
Armour         | 1 |  1.7
Dodging        | |  1.5
Spellcasting   | |  1.0
Hexes          | |  2.6

Action                     |  1- 3 |  4- 6 || total
---------------------------+-------+-------++-------
   Fire: Sling             |   133 |       ||   133
         Shortbow          |    36 |    88 ||   124
    Use: Scroll            |     3 |     6 ||     9
 Armour: Robe              |    22 |       ||    22
         Ring mail         |    44 |    36 ||    80
  Dodge: Dodged            |    63 |    43 ||   106

Table legend:
 A = Non-vault XP
 B = Vault XP
 C = Vault XP percentage of total XP
 D = Non-vault monster count
 E = Vault monster count
 F = Vault count percentage of total count
                 A         B        C        D         E       F
            +---------+---------+-------+---------+---------+-------
      Total |     132 |      18 |  12.0 |      54 |      10 |  15.6
            +---------+---------+-------+---------+---------+-------
        D:1 |      41 |       2 |   4.7 |      26 |       1 |   3.7
        D:2 |      37 |      11 |  22.9 |      19 |       6 |  24.0
        D:3 |      54 |       5 |   8.5 |       9 |       3 |  25.0
            +---------+---------+-------+---------+---------+-------
